| TOP OF THE 1ST |
|
University of Arizona Wildcats batting - Pitching for Fresno State University Bulldogs : RHP Alex Rojas
|
|
Pitching: RHP Alex Rojas
|
|
|
Batting: LHB Pascal Noël
|
0-0: Swinging Strike 0-1: Foul Ball, location: 2F 0-2: Foul Ball, location: 2F 0-2: Ground out 4-3 (Groundball, 4, EV 93.1 MPH)
|
|
Batting: RHB Eddy Amaya
|
0-0: Ball 1-0: Foul Ball, location: 2F 1-1: Swinging Strike 1-2: Strikes out swinging
|
|
Batting: LHB Andrew Davis
|
0-0: Foul Ball, location: 2F 0-1: Ball 1-1: SINGLE (Flyball, 4MD, EV 95.6 MPH)
|
|
Batting: LHB Mark Harris
|
0-0: Ground out 3-1 (Groundball, 34S, EV 83.8 MPH)
|
| Top of the 1st over - 0 runs, 1 hit, 0 errors, 1 left on base; University of Arizona 0 - Fresno State University 0 |
| BOTTOM OF THE 1ST |
|
Fresno State University Bulldogs batting - Pitching for University of Arizona Wildcats : RHP Ai-de Zhào
|
|
Pitching: RHP Ai-de Zhào
|
|
|
Batting: RHB Sinfronio Carreon
|
0-0: Ball 1-0: Ball 2-0: Called Strike 2-1: Fly out, F5 (Popup, 5SF, EV 80.0 MPH)
|
|
Batting: LHB Ollie Strauss
|
0-0: Foul Ball, location: 2F 0-1: Called Strike 0-2: Ball 1-2: Ball 2-2: Ball 3-2: Foul Ball, location: 2F 3-2: Fly out, F8 (Flyball, 78M, EV 89.4 MPH)
|
|
Batting: SHB Carlton Stannard
|
0-0: Called Strike 0-1: Ball 1-1: SOLO HOME RUN (Flyball, 9D, EV 96.9 MPH), Distance : 360 ft
|
|
Batting: RHB Sandy Munoz
|
0-0: Ball 1-0: Called Strike 1-1: Fly out, F7 (Line Drive, 78M, EV 93.8 MPH)
|
| Bottom of the 1st over - 1 run, 1 hit, 0 errors, 0 left on base; University of Arizona 0 - Fresno State University 1 |
| TOP OF THE 2ND |
|
University of Arizona Wildcats batting - Pitching for Fresno State University Bulldogs : RHP Alex Rojas
|
|
Batting: RHB Larry Harlow
|
0-0: Foul Ball, location: 2F 0-1: Foul Ball, location: 2F 0-2: Ground out 5-3 (Groundball, 56S, EV 86.2 MPH)
|
|
Batting: LHB Lihau Keawe
|
0-0: Ground out 6-3 (Groundball, 6, EV 98.1 MPH)
|
|
Batting: LHB Jere Paatelainen
|
0-0: Ball 1-0: Ball 2-0: Called Strike 2-1: Called Strike 2-2: Foul Ball, location: 2F 2-2: Strikes out swinging
|
| Top of the 2nd over - 0 runs, 0 hits, 0 errors, 0 left on base; University of Arizona 0 - Fresno State University 1 |
| BOTTOM OF THE 2ND |
|
Fresno State University Bulldogs batting - Pitching for University of Arizona Wildcats : RHP Ai-de Zhào
|
|
Batting: LHB Abraham Batista
|
0-0: Called Strike 0-1: Ball 1-1: Ball 2-1: Fly out, F7 (Flyball, 7, EV 81.9 MPH)
|
|
Batting: RHB Danilo Baldia
|
0-0: Swinging Strike 0-1: Called Strike 0-2: Ball 1-2: Ball 2-2: Hit by Pitch
|
|
Batting: LHB Moktar Ame
|
0-0: Ball 1-0: Foul Ball, location: 2F 1-1: Called Strike 1-2: Ball 2-2: Ball 3-2: Fielders Choice at 2nd, 4-6 (Groundball, 4, EV 86.9 MPH)
|
|
Batting: RHB Ryan Roberts
|
0-0: Called Strike Moktar Ame steals 2nd base 0-1: Ball 1-1: Ball 2-1: Ball 3-1: Foul Ball, location: 2F 3-2: Fly out, F9 (Flyball, 9LM, EV 100.0 MPH)
|
| Bottom of the 2nd over - 0 runs, 0 hits, 0 errors, 1 left on base; University of Arizona 0 - Fresno State University 1 |
| TOP OF THE 3RD |
|
University of Arizona Wildcats batting - Pitching for Fresno State University Bulldogs : RHP Alex Rojas
|
|
Batting: SHB George Grace
|
0-0: Called Strike 0-1: Ball 1-1: Foul Ball, location: 2F 1-2: Ball 2-2: Ground out 6-3 (Groundball, 6, EV 100.0 MPH)
|
|
Batting: RHB Vince Parris
|
0-0: Ground out U3 (Groundball, 3L, EV 86.2 MPH)
|
|
Batting: LHB Pascal Noël
|
0-0: Foul Ball, location: 2F 0-1: Swinging Strike 0-2: Ball 1-2: Foul Ball, location: 2F 1-2: Strikes out swinging
|
| Top of the 3rd over - 0 runs, 0 hits, 0 errors, 0 left on base; University of Arizona 0 - Fresno State University 1 |
| BOTTOM OF THE 3RD |
|
Fresno State University Bulldogs batting - Pitching for University of Arizona Wildcats : RHP Ai-de Zhào
|
|
Batting: RHB Greg Meyer
|
0-0: Foul Ball, location: 2F 0-1: Foul Ball, location: 2F 0-2: Ball 1-2: Ball 2-2: Strikes out looking
|
|
Batting: RHB Sinfronio Carreon
|
0-0: Ball 1-0: Swinging Strike 1-1: Ball 2-1: Foul Ball, location: 2F 2-2: Strikes out swinging
|
|
Batting: LHB Ollie Strauss
|
0-0: Ball 1-0: Fly out, F9 (Flyball, 9LM, EV 87.5 MPH)
|
| Bottom of the 3rd over - 0 runs, 0 hits, 0 errors, 0 left on base; University of Arizona 0 - Fresno State University 1 |
| TOP OF THE 4TH |
|
University of Arizona Wildcats batting - Pitching for Fresno State University Bulldogs : RHP Alex Rojas
|
|
Batting: RHB Eddy Amaya
|
0-0: Ball 1-0: Ball 2-0: Called Strike 2-1: Swinging Strike 2-2: Ball 3-2: Base on Balls
|
|
Batting: LHB Andrew Davis
|
0-0: Called Strike 0-1: Ball 1-1: Ball Eddy Amaya steals 2nd base (no throw) 2-1: Foul Ball, location: 2F 2-2: Ball 3-2: Ground out 6-3 (Groundball, 6S, EV 83.1 MPH) Eddy Amaya to third
|
|
Batting: LHB Mark Harris
|
0-0: Called Strike 0-1: 2-RUN HOME RUN (Line Drive, 9LD, EV 95.0 MPH), Distance : 349 ft
|
|
Batting: RHB Larry Harlow
|
0-0: Ball 1-0: Ball 2-0: Called Strike 2-1: Fly out, F7 (Flyball, 7D, EV 103.1 MPH)
|
|
Batting: LHB Lihau Keawe
|
0-0: Fly out, F6 (Line Drive, 6M, EV 65.0 MPH)
|
| Top of the 4th over - 2 runs, 1 hit, 0 errors, 0 left on base; University of Arizona 2 - Fresno State University 1 |
| BOTTOM OF THE 4TH |
|
Fresno State University Bulldogs batting - Pitching for University of Arizona Wildcats : RHP Ai-de Zhào
|
|
Batting: SHB Carlton Stannard
|
0-0: SINGLE (Groundball, 3D, EV 104.4 MPH)
|
|
Batting: RHB Sandy Munoz
|
0-0: Called Strike 0-1: Fly out, F7 (Flyball, 78M, EV 90.6 MPH)
|
|
Batting: LHB Abraham Batista
|
0-0: Ball 1-0: Foul Ball, location: 2F 1-1: Called Strike 1-2: Foul Ball, location: 2F 1-2: Foul Ball, location: 2F 1-2: 2-RUN HOME RUN (Flyball, 89XD, EV 110.6 MPH), Distance : 424 ft
|
|
Batting: RHB Danilo Baldia
|
0-0: Foul Ball, location: 2F 0-1: Fly out, F7 (Flyball, 7LM, EV 90.0 MPH)
|
|
Batting: LHB Moktar Ame
|
0-0: Swinging Strike 0-1: Called Strike 0-2: Foul Ball, location: 2F 0-2: Ball 1-2: Ball 2-2: Ball 3-2: Ground out 4-3 (Groundball, 4, EV 86.2 MPH)
|
| Bottom of the 4th over - 2 runs, 2 hits, 0 errors, 0 left on base; University of Arizona 2 - Fresno State University 3 |
| TOP OF THE 5TH |
|
University of Arizona Wildcats batting - Pitching for Fresno State University Bulldogs : RHP Alex Rojas
|
|
Batting: LHB Jere Paatelainen
|
0-0: Called Strike 0-1: Bunted foul 0-2: SINGLE (Groundball, 4MD, EV 105.0 MPH)
|
|
Batting: SHB George Grace
|
0-0: Called Strike 0-1: Sac Bunt to 23 - play at first, batter OUT! 3-4 Jere Paatelainen to second
|
|
Pinch Hitting: RHB Tatsuro Hamasaki
|
0-0: Ball 1-0: Called Strike 1-1: Foul Ball, location: 2F 1-2: Ball 2-2: Ball 3-2: Strikes out swinging
|
|
Batting: LHB Pascal Noël
|
0-0: Ball 1-0: Foul Ball, location: 2F 1-1: Swinging Strike 1-2: Foul Ball, location: 2F 1-2: Strikes out swinging
|
| Top of the 5th over - 0 runs, 1 hit, 0 errors, 1 left on base; University of Arizona 2 - Fresno State University 3 |
| BOTTOM OF THE 5TH |
|
Fresno State University Bulldogs batting - Pitching for University of Arizona Wildcats : RHP Ai-de Zhào
|
|
Now in LF: Lihau Keawe
|
|
|
Now in RF: Tatsuro Hamasaki
|
|
|
Batting: RHB Ryan Roberts
|
0-0: Called Strike 0-1: Swinging Strike 0-2: Foul Ball, location: 2F 0-2: Ball 1-2: Foul Ball, location: 2F 1-2: Ball 2-2: Foul Ball, location: 2F 2-2: Ball 3-2: Foul Ball, location: 2F 3-2: Fly out, F8 (Flyball, 8LXD, EV 81.9 MPH)
|
|
Batting: RHB Greg Meyer
|
0-0: Called Strike 0-1: Called Strike 0-2: Ball 1-2: Ball 2-2: Foul Ball, location: 2F 2-2: DOUBLE (Line Drive, 9LM, EV 108.1 MPH)
|
|
Pitching: LHP Matt Waterbury
|
|
|
Batting: RHB Sinfronio Carreon
|
0-0: Ball 1-0: Ball 2-0: Called Strike 2-1: Ball 3-1: SINGLE (Line Drive, 3D, EV 95.0 MPH) Greg Meyer to third Runner from 3rd tries for Home, SAFE, throw by RF to home
|
|
Batting: LHB Ollie Strauss
|
0-0: Ball 1-0: Ball 2-0: SINGLE (Line Drive, 4D, EV 104.4 MPH) Sinfronio Carreon to second
|
|
Batting: SHB Carlton Stannard
|
0-0: Ball 1-0: Called Strike 1-1: Ball 2-1: Ball 3-1: Fly out, F8 (Line Drive, 78D, EV 96.2 MPH)
|
|
Batting: RHB Sandy Munoz
|
0-0: Called Strike 0-1: Called Strike 0-2: Ball 1-2: Foul Ball, location: 2F 1-2: Fly out, F8 (Flyball, 8RM, EV 93.8 MPH)
|
| Bottom of the 5th over - 1 run, 3 hits, 0 errors, 2 left on base; University of Arizona 2 - Fresno State University 4 |
| TOP OF THE 6TH |
|
University of Arizona Wildcats batting - Pitching for Fresno State University Bulldogs : RHP Alex Rojas
|
|
Batting: RHB Eddy Amaya
|
0-0: Ground out 1-3 (Groundball, P, EV 66.2 MPH)
|
|
Batting: LHB Andrew Davis
|
0-0: Called Strike 0-1: Ball 1-1: SINGLE (Line Drive, 4D, EV 94.4 MPH)
|
|
Batting: LHB Mark Harris
|
0-0: Grounds into double play, 6-4-3 (Groundball, 6, EV 112.5 MPH)
|
| Top of the 6th over - 0 runs, 1 hit, 0 errors, 0 left on base; University of Arizona 2 - Fresno State University 4 |
| BOTTOM OF THE 6TH |
|
Fresno State University Bulldogs batting - Pitching for University of Arizona Wildcats : LHP Matt Waterbury
|
|
Batting: LHB Abraham Batista
|
0-0: Fly out, F9 (Flyball, 9, EV 93.8 MPH)
|
|
Batting: RHB Danilo Baldia
|
0-0: Ball 1-0: Swinging Strike 1-1: Fly out, F8 (Line Drive, 8LM, EV 98.1 MPH)
|
|
Batting: LHB Moktar Ame
|
0-0: Ball 1-0: Ball 2-0: Called Strike 2-1: Foul Ball, location: 2F 2-2: Fly out, F9 (Line Drive, 89M, EV 91.2 MPH)
|
| Bottom of the 6th over - 0 runs, 0 hits, 0 errors, 0 left on base; University of Arizona 2 - Fresno State University 4 |
| TOP OF THE 7TH |
|
University of Arizona Wildcats batting - Pitching for Fresno State University Bulldogs : RHP Alex Rojas
|
|
Batting: RHB Larry Harlow
|
0-0: Ball 1-0: Foul Ball, location: 2F 1-1: Ball 2-1: Swinging Strike 2-2: Foul Ball, location: 2F 2-2: Strikes out looking
|
|
Batting: LHB Lihau Keawe
|
0-0: Ball 1-0: Ball 2-0: Ground out U3 (Groundball, 3, EV 105.6 MPH)
|
|
Batting: LHB Jere Paatelainen
|
0-0: Ground out 6-3 (Groundball, 6, EV 87.5 MPH)
|
| Top of the 7th over - 0 runs, 0 hits, 0 errors, 0 left on base; University of Arizona 2 - Fresno State University 4 |
| BOTTOM OF THE 7TH |
|
Fresno State University Bulldogs batting - Pitching for University of Arizona Wildcats : LHP Matt Waterbury
|
|
Pitching: RHP Rogelio Chavez
|
|
|
Batting: RHB Ryan Roberts
|
0-0: Ball 1-0: Ground out 5-3 (Groundball, 56, EV 83.8 MPH)
|
|
Batting: RHB Greg Meyer
|
0-0: Foul Ball, location: 2F 0-1: Ball 1-1: Ball 2-1: Called Strike 2-2: Ball 3-2: Foul Ball, location: 2F 3-2: Foul Ball, location: 2F 3-2: Foul Ball, location: 2F 3-2: Ground out 6-3 (Groundball, 6, EV 84.4 MPH)
|
|
Batting: RHB Sinfronio Carreon
|
0-0: Called Strike 0-1: Ball 1-1: Ball 2-1: Foul Ball, location: 2F 2-2: Ball 3-2: Foul Ball, location: 2F 3-2: Base on Balls
|
|
Pitching: LHP Lance Freake
|
|
|
Batting: LHB Ollie Strauss
|
0-0: Ball 1-0: SINGLE (Groundball, 4M, EV 103.1 MPH) Sinfronio Carreon to second Runner from 2nd tries for 3rd, SAFE, no throw by CF
|
|
Pitching: RHP Steve Wiest
|
|
|
Batting: SHB Carlton Stannard
|
0-0: Called Strike 0-1: Fly out, F9 (Flyball, 9S, EV 89.4 MPH)
|
| Bottom of the 7th over - 0 runs, 1 hit, 0 errors, 2 left on base; University of Arizona 2 - Fresno State University 4 |
| TOP OF THE 8TH |
|
University of Arizona Wildcats batting - Pitching for Fresno State University Bulldogs : RHP Alex Rojas
|
|
Pitching: RHP Oscar Zetino
|
|
|
Batting: SHB George Grace
|
0-0: Fly out, F9 (Flyball, 9, EV 85.0 MPH)
|
|
Batting: RHB Tatsuro Hamasaki
|
0-0: Ball 1-0: Ball 2-0: Swinging Strike 2-1: Foul Ball, location: 2F 2-2: Ball 3-2: Strikes out swinging
|
|
Batting: LHB Pascal Noël
|
0-0: Foul Ball, location: 2F 0-1: Swinging Strike 0-2: Strikes out looking
|
| Top of the 8th over - 0 runs, 0 hits, 0 errors, 0 left on base; University of Arizona 2 - Fresno State University 4 |
| BOTTOM OF THE 8TH |
|
Fresno State University Bulldogs batting - Pitching for University of Arizona Wildcats : RHP Steve Wiest
|
|
Batting: RHB Sandy Munoz
|
0-0: Ball 1-0: Called Strike 1-1: Swinging Strike 1-2: Ground out 3-1 (Groundball, 34, EV 105.0 MPH)
|
|
Batting: LHB Abraham Batista
|
0-0: SINGLE (Groundball, 4S, EV 68.8 MPH) (infield hit)
|
|
Batting: RHB Danilo Baldia
|
0-0: Ball 1-0: Called Strike 1-1: Ball 2-1: Swinging Strike 2-2: Foul Ball, location: 2F 2-2: Ball 3-2: SINGLE (Line Drive, 9LS, EV 93.1 MPH) Abraham Batista to second
|
|
Batting: LHB Moktar Ame
|
0-0: Grounds out, U3 (Groundball, 3L, EV 86.9 MPH) Abraham Batista to third
|
|
Batting: RHB Ryan Roberts
|
0-0: Ball 1-0: SINGLE (Groundball, 6M, EV 96.9 MPH) Abraham Batista scores Danilo Baldia to third Runner from 3rd tries for Home, SAFE, throw by CF to home
|
|
Pitching: RHP Jimmy Serna
|
|
|
Batting: RHB Greg Meyer
|
0-0: Called Strike 0-1: Ball 1-1: Swinging Strike 1-2: Strikes out looking
|
| Bottom of the 8th over - 2 runs, 3 hits, 0 errors, 1 left on base; University of Arizona 2 - Fresno State University 6 |
| TOP OF THE 9TH |
|
University of Arizona Wildcats batting - Pitching for Fresno State University Bulldogs : RHP Oscar Zetino
|
|
Batting: RHB Eddy Amaya
|
0-0: SINGLE (Flyball, 89S, EV 96.2 MPH)
|
|
Batting: LHB Andrew Davis
|
0-0: Called Strike 0-1: Ball 1-1: Fielders Choice at 2nd, 1-6 (Groundball, 34S, EV 76.2 MPH)
|
|
Batting: LHB Mark Harris
|
0-0: Swinging Strike 0-1: Foul Ball, location: 2F 0-2: Ball 1-2: Ball Wild Pitch! Andrew Davis to second 2-2: Ground out 6-3 (Groundball, 6M, EV 88.8 MPH) Andrew Davis to third
|
|
Batting: RHB Larry Harlow
|
0-0: Ball 1-0: Called Strike 1-1: Foul Ball, location: 2F 1-2: Ball 2-2: Strikes out swinging
|
| Top of the 9th over - 0 runs, 1 hit, 0 errors, 1 left on base; University of Arizona 2 - Fresno State University 6 |
|